 Dungeon Crawl Stone Soup version 0.28.0-47-ge53b351184 (webtiles) character file.

Game seed: 6821030338228320591

19 Bruhh the Changer (level 2, -2/21 HPs)
             Began as a Merfolk Transmuter on Apr 30, 2022.
             Slain by a gnoll
             ... wielding a +0 club
              (6 damage)
             ... on level 2 of the Dungeon.
             The game lasted 00:01:01 (1178 turns).

Bruhh the Changer (Merfolk Transmuter)              Turns: 1178, Time: 00:01:02

Health: -2/21      AC:  2    Str: 10    XL:     2   Next: 75%
Magic:  4/5        EV: 12    Int: 12    God:
Gold:   41         SH:  0    Dex: 14    Spells: 5/6 levels left

rFire   . . .      SeeInvis .   i - +0 club
rCold   . . .      Faith    .   (no shield)
rNeg    . . .      Spirit   .   a - +0 robe
rPois   .          Reflect  .   (helmet currently unavailable)
rElec   .          Harm     .   (no cloak)
rCorr   .          Rampage  .   (no gloves)
Will    .....                   (boots currently unavailable)
Stlth   +.........              (no amulet)
HPRegen 0.07/turn               (no ring)
MPRegen 0.09/turn               (no ring)

@: appendages (expiring)
A: horns 2, (nimble swimmer 2), mertail
a: End Transformation


You were on level 2 of the Dungeon.
You had temporarily grown beastly horns.
You visited 1 branch of the dungeon, and saw 2 of its levels.

You collected 41 gold pieces.

Inventory:

Hand Weapons
 i - a +0 club (weapon)
Armour
 a - a +0 robe (worn)
Scrolls
 b - 2 scrolls of identify {unknown}
 c - a scroll of teleportation {unknown}
 e - 2 scrolls of enchant weapon {unknown}
 f - a scroll of brand weapon {unknown}
 g - 2 scrolls of immolation {unknown}
 h - a scroll of silence {unknown}
Potions
 d - a potion of magic {unknown}


   Skills:
 - Level 1.1 Fighting
 - Level 2.6 Dodging
 - Level 3.2 Unarmed Combat
 + Level 2.5 Spellcasting
 + Level 3.6 Transmutations


You had 5 spell levels left.
You knew the following spells:

 Your Spells              Type           Power      Damage    Failure   Level
a - Beastly Appendage     Tmut           20%        N/A       6%          1

Your spell library contained the following spells:

 Spells                   Type           Power      Damage    Failure   Level
 Wereblood                Tmut           10%        N/A       9%          2
 Sublimation of Blood     Necr           1%         N/A       36%         2
 Spider Form              Tmut/Pois      5%         N/A       36%         3
 Ice Form                 Ice/Tmut       5%         N/A       77%         4
 Summon Hydra             Summ           0%         N/A       100%        7


Dungeon Overview and Level Annotations

Branches:
Dungeon (2/15)

Altars:


Innate Abilities, Weirdness & Mutations

You have temporarily grown beastly horns.
((You are very nimble when in or above water. (Stealth+, EV+, Speed+++)))
Your lower body shifts to a powerful aquatic tail in water.


Message History

You see here a quokka corpse.
There is a stone staircase leading down here.
You now have 41 gold pieces (gained 9).
There is a stone staircase leading up here.
You climb upwards.
There is a stone staircase leading down here.
You start resting.
HP restored.
You start waiting.
Done waiting.
You start waiting.
Done waiting.
You climb downwards.
There is a stone staircase leading up here.
You grow a pair of large bovine horns.
You hit the gnoll.
The gnoll is lightly wounded.
The gnoll hits you with a +0 club. The gnoll misses you.
You barely miss the gnoll. You headbutt the gnoll.
The gnoll is moderately wounded.
Your transformation is almost over.
The gnoll misses you.
You hit the gnoll.
The gnoll is heavily wounded.
The gnoll closely misses you.
You closely miss the gnoll. You headbutt the gnoll.
The gnoll is severely wounded.
The gnoll hits you with a +0 club.
You are too injured to fight recklessly!
You are too injured to fight recklessly!
You are too injured to fight recklessly!
You barely miss the gnoll.
You headbutt the gnoll, but do no damage.
The gnoll is severely wounded.
The gnoll barely misses you. The gnoll hits you with a +0 club.
* * * LOW HITPOINT WARNING * * *
You hit the gnoll but do no damage.
The gnoll is severely wounded.
The gnoll hits you with a +0 club.
You die...

#.... .# ...
#.....#.# ....
#.....#.##...#
#....$#.....#
#..... .....
.... ...#
######.##..#
#!.....g@..#
#.####.#...##
#>.....#
#.#..#...#
#รท#..###.#
#.#.... .#
#.......#..#.#
.
##.####.#.##...
... ##


You could see a gnoll.

Vanquished Creatures
  An adder (D:2)
  4 goblins (D:1)
  A quokka (D:2)
  2 bats
  3 rats (D:1)
11 creatures vanquished.

Notes
Turn   | Place    | Note
-------+----------+-------------------------------------------
     0 | D:1      | Bruhh the Merfolk Transmuter began the quest for the Orb.
     0 | D:1      | Reached XP level 1. HP: 15/15 MP: 3/3
   349 | D:1      | Found a faded altar of an unknown god.
   572 | D:1      | Reached XP level 2. HP: 21/21 MP: 5/5
  1178 | D:2      | Slain by a gnoll

Illustrated notes

Levels and vault maps discovered:
D:1:      dpeg_arrival_windows_large_door, layout_loops_corners,
          basic_ecumenical_altar, item_on_display_a
D:2:      cheibrodos_greedy_goblins, layout_basic, minmay_pentomino_s2

Skill      XL: |  1 |
---------------+----+-----
Transmutations | 3 |  3.6
Fighting       | |  1.1
Dodging        | |  2.6
Unarmed Combat | |  3.2
Spellcasting   | |  2.5

Action                   || total
-------------------------++-------
Melee: Unarmed           ||    10
       Club              ||    23
       Headbutt          ||     7
 Cast: Beastly Appendage ||     6
Armor: Robe              ||     8
Dodge: Dodged            ||    22
